 Dungeon Crawl Stone Soup version 0.16.0-6-gad6103a (console) character file.

208 gw the Cudgeler (level 5, -4/47 HPs)
             Began as a Minotaur Fighter on Mar 15, 2015.
             Slain by an ogre
             ... wielding a +0 giant club
              (10 damage)
             ... on level 4 of the Dungeon.
             The game lasted 00:04:18 (3481 turns).

gw the Cudgeler (Minotaur Fighter)                  Turns: 3481, Time: 00:04:18

Health: -4/47      AC:  9    Str: 21    XL:     5   Next: 55%
Magic:  2/2        EV:  5    Int:  5    God:
Gold:   66         SH:  9    Dex: 10    Spells: 0 memorised, 4 levels left

rFire  . . .     SeeInvis .     a - +2 flail
rCold  . . .     Clarity  .     e - +0 chain mail
rNeg   . . .     SustAb   .     c - +0 shield
rPois  .         Gourm    .     (helmet restricted)
rElec  .         Spirit   .     (no cloak)
rCorr  .         Warding  .     (no gloves)
rMut   .         Stasis   .     (no boots)
MR     .....                    (no amulet)
Stlth  ..........               (no ring)
                                (no ring)

@: not resistant to hostile enchantments, extremely unstealthy
A: retaliatory headbutt, horns 2
a: no special abilities


You were on level 4 of the Dungeon.
You were hungry.

You visited 1 branch of the dungeon, and saw 4 of its levels.

You collected 66 gold pieces.

Inventory:

Hand weapons
 a - a +2 flail (weapon)
Missiles
 i - 7 stones (quivered)
Armour
 c - a +0 shield (worn)
 e - a +0 chain mail (worn)
Scrolls
 b - a scroll of remove curse
 f - 2 scrolls of identify
Potions
 k - 3 potions of curing
 l - 3 potions of heal wounds
Comestibles
 d - 4 bread rations
 j - a slice of pizza


   Skills:
 + Level 4.6 Fighting
 * Level 4.9 Maces & Flails
 + Level 1.3 Throwing
 + Level 4.3 Armour
 + Level 4.4 Shields


You had 4 spell levels left.
You didn't know any spells.

Dungeon Overview and Level Annotations

Branches:
Dungeon (4/15)
 Temple: D:4-7

Altars:
Elyvilon
Gozag
Sif Muna
Vehumet


Innate Abilities, Weirdness & Mutations

You reflexively headbutt those who attack you in melee.
You have a pair of horns on your head.


Message History

MOVING TO (1,3)
You see here a stone.
Unknown command.
Unknown command.
Unknown command.
MOVING TO (1,2) Unknown command.
Unknown command.
Unknown command.
MOVING TO (1,1) Unknown command.
Unknown command.
Unknown command.
MOVING TO (7,-3) Unknown command.
Unknown command.
Unknown command.
MOVING TO (6,-3)
The ogre hits you with a giant club!
You die...

#.......#.....# ...#
#.......#####.#####..#
#.......# #.....#..+
#.......# ###.###.#..#
#.......# #...###.#..###
#.......###....##.#.....
#...(........_........((
#....(O.#.##....###....(
#......H#.###...# #..##.
#########.###.### #..###
#.....# #.....
######.#####.....
#................
#................
#................
#................
#................


You could see an ogre.

Table legend:
 A = Turns spent in this place as a percentage of turns spent in the entire game.
 B = Non-inter-level travel turns spent in this place as a percentage of non-inter-level travel turns spent in the entire game.
 C = Inter-level travel turns spent in this place as a percentage of turns spent in this place.
 D = Turns resting spent in this place as a percentage of non-inter-level travel turns spent in this place.
 E = Turns spent auto-exploring this place as a percentage of non-inter-level travel turns spent in this place.
 F = Non-inter-level travel turns spent in this place divided by the number of levels of this place that you've seen.
                   A       B       C       D       E      F
               +-------+-------+-------+-------+-------+----------------------
         Total | 100.0 | 100.0 |   0.3 |   0.8 |   2.3 | 1372.5
       Dungeon | 100.0 | 100.0 |   0.3 |   0.8 |   2.3 | 1372.5
               +-------+-------+-------+-------+-------+----------------------

Table legend:
 A = Kills in this place as a percentage of kills in entire the game.
 B = Kills by you in this place as a percentage of kills by you in the entire game.
 C = Kills by friends in this place as a percentage of kills by friends in the entire game.
 D = Other kills in this place as a percentage of other kills in the entire game.
 E = Experience gained in this place as a percentage of experience gained in the entire game.
 F = Experience gained in this place divided by the number of levels of this place that you have seen.
                   A       B       C       D       E      F
               +-------+-------+-------+-------+-------+----------------------
         Total | 100.0 | 100.0 |  -nan |  -nan | 100.0 |  74.5
       Dungeon | 100.0 | 100.0 |  -nan |  -nan | 100.0 |  74.5
               +-------+-------+-------+-------+-------+----------------------

Vanquished Creatures
  A worker ant (D:4)
  An iguana (D:4)
  7 adders
  4 worms
  2 giant geckos (D:2)
  10 orcs
  10 goblins
  8 hobgoblins
  6 kobolds
  A quokka (D:2)
  A ball python (D:3)
  8 bats
  2 giant newts (D:2)
  12 rats
73 creatures vanquished.

Notes
Turn   | Place    | Note
--------------------------------------------------------------
     0 | D:1      | gw, the Minotaur Fighter, began the quest for the Orb.
     0 | D:1      | Reached XP level 1. HP: 19/19 MP: 1/1
   449 | D:1      | Reached XP level 2. HP: 27/27 MP: 1/1
   906 | D:2      | Reached skill level 4 in Shields
   956 | D:2      | Found a white marble altar of Elyvilon.
   998 | D:2      | Reached XP level 3. HP: 33/33 MP: 2/2
  1366 | D:2      | Reached skill level 1 in Throwing
  1401 | D:2      | Found a deep blue altar of Sif Muna.
  1655 | D:2      | Reached XP level 4. HP: 40/40 MP: 2/2
  2431 | D:3      | Found a radiant altar of Vehumet.
  2642 | D:3      | Reached XP level 5. HP: 47/47 MP: 2/2
  3285 | D:4      | Found an opulent altar of Gozag.
  3323 | D:4      | Noticed an ogre
  3418 | D:4      | HP: 2/47 [ogre/giant club (17)]
  3481 | D:4      | Slain by an ogre

Action                   |  1- 3 |  4- 6 || total
-------------------------+-------+-------++-------
Melee: Flail             |    70 |    62 ||   132
Throw: Stone             |    74 |   108 ||   182
  Use: Scroll            |     3 |     5 ||     8
       Potion            |     1 |     7 ||     8
  Eat: Chunk             |     2 |     6 ||     8

Vault maps used:
D:1:      sevenhm_arrival_forest_fort_large_2, minmay_rat_gold_closets
D:2:      lemuel_round_altar, nicolae_overflow_hidden_temple, first_bread
D:3:      vehumet_altar_wand_db
D:4:      nicolae_overflow_crystal_walls, tso_oasis_becter,
          minmay_temple_entry_nine_rooms, gup_sewer_entry_spiral
